 Dungeon Crawl Stone Soup version 0.22-a0-402-ga933591 (webtiles) character file.

21 Sergey the Insei (level 2, -2/18 HPs)
             Began as a Tengu Warper on May 7, 2018.
             Slain by a frilled lizard (3 damage)
             ... on level 1 of the Dungeon.
             The game lasted 00:01:40 (142 turns).

Sergey the Insei (Tengu Warper)                      Turns: 142, Time: 00:01:41

Health: -2/18      AC:  3    Str: 11    XL:     2   Next: 83%
Magic:  6/6        EV: 12    Int: 13    God:
Gold:   0          SH:  0    Dex: 13    Spells: 1/5 levels left

rFire    . . .     SeeInvis .     - Unarmed
rCold    . . .     Gourm    .   (no shield)
rNeg     . . .     Faith    .   a - +0 leather armour
rPois    .         Spirit   .   (helmet restricted)
rElec    .         Reflect  .   (no cloak)
rCorr    .         Harm     .   (no gloves)
MR       .....                  (boots unavailable)
Stlth    +.........             (no amulet)
HPRegen  0.06/turn              (no ring)
MPRegen  0.10/turn              (no ring)

@: no status effects
A: beak, talons 3
a: no special abilities


You were on level 1 of the Dungeon.
You were not hungry.

You visited 1 branch of the dungeon, and saw 1 of its levels.

Inventory:

Missiles
 d - a tomahawk of dispersal (quivered)
Armour
 a - a +0 leather armour (worn)
Scrolls
 c - a scroll of blinking
Comestibles
 b - 6 chunks of flesh
 f - a ration


   Skills:
 + Level 2.3 Fighting
 - Level 1.0 Throwing
 - Level 1.1 Armour
 + Level 2.5 Dodging
 * Level 3.0 Unarmed Combat
 - Level 2.0 Spellcasting
 - Level 2.4 Translocations


You had one spell level left.
You knew the following spells:

 Your Spells              Type           Power        Failure   Level  Hunger
e - Blink                 Tloc           N/A          19%         2    ###....
x - Shroud of Golubria    Chrm/Tloc      #.........   30%         2    ###....


Dungeon Overview and Level Annotations

Branches:
Dungeon (1/15)

Altars:


Innate Abilities, Weirdness & Mutations

You have a beak for a mouth.
You have claws for feet.


Message History

* * * LOW HITPOINT WARNING * * *
Unknown command.
You barely miss the kobold.
You kill the kobold!
The kobold throws a stone.
The stone completely misses you. The kobold closely misses you.
You see here 9 gold pieces.
You closely miss the kobold. Your punch misses the kobold.
The kobold barely misses you.
You closely miss the kobold. The kobold barely misses you.
You closely miss the kobold.
You kill the kobold!
You closely miss the frilled lizard. Your kick misses the frilled lizard.
The frilled lizard bites you.
* * * LOW HITPOINT WARNING * * *
Unknown command.
You closely miss the frilled lizard. You closely miss the frilled lizard.
Your peck misses the frilled lizard. The frilled lizard bites you.
You die...

. ######<## ..
# #......)(
... ##.
#'####)## ....
#.....# #...
.$... #(#####
#...
......####
#.########...
......)(.#
#.....รท......
......##l####
#..######.)..
.....
#.@..###..#
##... ....
####...#..#
#...


gl. ###....# #... .. ##.(..# #... # #.#..# #... #.#.... #### #.#.###.# #.#.# #
#.#.. You could see a frilled lizard.

Vanquished Creatures
  A dart slug (D:1)
  2 giant cockroaches (D:1)
  A hobgoblin (D:1)
  4 jackals (D:1)
  6 kobolds (D:1)
  A bat (D:1)
  2 rats (D:1)
17 creatures vanquished.

Notes
Turn   | Place    | Note
-------+----------+-------------------------------------------
     0 | D:1      | Sergey the Tengu Warper began the quest for the Orb.
     0 | D:1      | Reached XP level 1. HP: 12/12 MP: 4/4
    27 | D:1      | Reached XP level 2. HP: 8/17 MP: 6/6
   100 | D:1      | Learned a level 2 spell: Blink
   103 | D:1      | Learned a level 2 spell: Shroud of Golubria
   130 | D:1      | Reached skill level 3 in Unarmed Combat
   142 | D:1      | Slain by a frilled lizard

Vault maps used:
D:1:      minmay_arrival_three_doors, minmay_misc_feat_hallway

Skill      XL: |  1  2 |
---------------+-------+-----
Unarmed Combat | 3 |  3.0
Fighting       | |  2.3
Throwing       | |  1.0
Armour         | |  1.1
Dodging        | |  2.5
Spellcasting   | |  2.0
Translocations | |  2.4

Action                   || total
-------------------------++-------
Melee: Unarmed           ||    45
       Kick              ||    11
       Peck              ||     5
Throw: Tomahawk          ||     4
Armor: Leather armour    ||    10
Dodge: Dodged            ||    29

Table legend:
 A = Spawn XP
 B = Non-spawn XP
 C = Spawn XP percentage of total XP
 D = Spawn monster count
 E = Non-spawn monster count
 F = Spawn count percentage of total count
 G = Total turns spent on level
                    A         B        C        D         E        F      G
               +---------+---------+-------+---------+---------+-------+---------
         Total |       0 |      30 |   0.0 |       0 |      17 |   0.0 |   142
               +---------+---------+-------+---------+---------+-------+---------
           D:1 |       0 |      30 |   0.0 |       0 |      17 |   0.0 |   142
               +---------+---------+-------+---------+---------+-------+---------
